 Dungeon Sprint DCSS version 0.30-a0-122-g2a1322497e (webtiles) character file.

Game seed: 13215757215855883526

0 dduke234 the Trooper (level 1, 0/18 HPs)
             Began as a Demonspawn Monk on Sept 15, 2022.
             Slain by a gnoll
             ... wielding a +0 flail
              (4 damage)
             ... in the Dungeon (Sprint VI: "Thunderdome").
             The game lasted 00:00:31 (57 turns).

dduke234 the Trooper (Demonspawn Monk)                Turns: 57, Time: 00:00:31

Health: 0/18       AC:  2    Str: 11    XL:     1   Next: 41%
Magic:  1/1        EV: 13    Int: 11    God:
Gold:   200        SH:  0    Dex: 15    Spells: 0/0 levels left

rFire   . . .      SeeInvis .    a - +0 mace
rCold   . . .      Faith    .    (no shield)
rNeg    . . .      Spirit   .    b - +0 robe
rPois   .          Reflect  .    (no helmet)
rElec   .          Harm     .    (no cloak)
rCorr   .          Rampage  .    (no gloves)
Will    .....      NoTele   +    (no boots)
Stlth   ++........               (no amulet)
HPRegen 0.06/turn                (no ring)
MPRegen 0.07/turn                (no ring)

@: no status effects
A: no striking features
a: no special abilities


You were in the Dungeon.
You visited 1 branch You collected 200 gold pieces.

Inventory:

Hand Weapons
 a - a +0 mace (weapon)
Armour
 b - a +0 robe (worn)
Wands
 k - a wand of quicksilver (5)
 l - a wand of roots (5)
Scrolls
 i - 4 scrolls of blinking
 m - 3 scrolls of butterflies
Potions
 c - a potion of ambrosia
 d - a potion of curing
 e - 2 potions of heal wounds
 f - 4 potions of haste
 g - 2 potions of magic
 h - a potion of berserk rage
 j - a potion of resistance


   Skills:
 * Level 3.4 Fighting
 * Level 3.1 Maces & Flails
 * Level 3.1 Dodging
 * Level 2.0 Stealth


You couldn't memorise any spells.
You didn't know any spells.
Your spell library was empty.

Dungeon Overview and Level Annotations

Branches:
Dungeon (1/1)

Altars:
Cheibriados
Fedhas
Gozag
Makhleb
Okawaru
Qazlal
Sif Muna
Trog
Vehumet
Xom

Shops:
D *[???:(


Message History

50...
The rat bites you. The goblin hits you with a +0 dagger.
You closely miss the goblin.
The goblin is almost dead.
The rat bites you. The goblin completely misses you.
A gnoll comes into view. It is wielding a +0 flail.
The gnoll shouts!
You sock the goblin!
You kill the goblin!
The rat bites you.
Your Maces & Flails skill increases to level 3!
Your Dodging skill increases to level 3!
Your Stealth skill increases to level 2!
You hit the rat.
You kill the rat!
Unknown command.
You feel much better.
A kobold comes into view. It is wielding a +0 club.
The kobold shouts!
You hit the gnoll.
The gnoll is moderately wounded.
The gnoll closely misses you.
You closely miss the gnoll. Your punch misses the gnoll.
The gnoll is moderately wounded.
The gnoll hits you with a +0 flail.
You hit the gnoll but do no damage.
The gnoll is moderately wounded.
The gnoll closely misses you.
You hit the gnoll.
The gnoll is heavily wounded.
The gnoll hits you with a +0 flail! The gnoll barely misses you.
You hit the gnoll.
The gnoll is almost dead.
The gnoll completely misses you.
You hit the gnoll.
The gnoll is almost dead.
The kobold hits you with a +0 club.
* * * LOW HITPOINT WARNING * * *
The gnoll hits you with a +0 flail.
You die...

#........_# #_......._#
#_......._#
###.........###
#⌠...........⌠#
######.8.........8.###
#.__.......###.......__
∩.......)8.# #.8........
......K@..†###..........
.......g###...###.......
........# #.<.# .......
........# #...# .......
...........###.. ......
∩........8. .8.. ...
#∩___..... ......
######.8.. ...8.# #⌠..
....⌠#


You could see a gnoll and a kobold.

Vanquished Creatures
  A ball python (D)
  A goblin (D)
  A rat (D)
3 creatures vanquished.

Notes
Turn   | Place    | Note
-------+----------+-------------------------------------------
     0 | D        | dduke234 the Demonspawn Monk began the quest for the Orb.
     0 | D        | Reached XP level 1. HP: 18/18 MP: 1/1
     1 | D        | Found a radiant altar of Vehumet.
     2 | D        | Found a stormy altar of Qazlal.
     2 | D        | Found a shimmering blue altar of Sif Muna.
     3 | D        | Found a bloodstained altar of Trog.
     4 | D        | Found a burning altar of Makhleb.
     4 | D        | Found an iron altar of Okawaru.
     4 | D        | Found Zid Sos's Staff Store.
     4 | D        | Found Ulepyk's Magic Scroll Shop.
     5 | D        | Found Wuagoamy's Must-Have Magic.
     5 | D        | Found Fytwuj's Magic Scroll Shop.
     5 | D        | Round 1.
    23 | D        | Found an opulent altar of Gozag.
    24 | D        | Found a shimmering altar of Xom.
    31 | D        | Found a snail-covered altar of Cheibriados.
    31 | D        | Found a blossoming altar of Fedhas.
    31 | D        | Found Vaolleff's Identification Station.
    41 | D        | Found Wayntuok's Jewellery.
    41 | D        | Found Taffas's Advanced Armour.
    57 | D        | Slain by a gnoll

Illustrated notes

Levels and vault maps discovered:
D:        arena_sprint

Skill      XL: |  1 |
---------------+----+-----
Maces & Flails | 3 |  3.1
Dodging        | 3 |  3.1
Stealth        | 2 |  2.0
Fighting       | |  3.4

Action                   || total
-------------------------++-------
Melee: Mace              ||    22
  Use: Potion            ||     2
Armor: Robe              ||     2
Dodge: Dodged            ||    21

Table legend: (Time is in decaauts)
 A = Elapsed time spent in this place.
 B = Non-inter-level travel time spent in this place.
 C = Inter-level travel time spent in this place.
 D = Time resting spent in this place.
 E = Time spent auto-exploring this place.
 F = Levels seen in this place.
 G = Mean time per level.
                   A        B        C        D        E       F      G
               +--------+--------+--------+--------+--------+-----+--------+
         Total |     62 |     62 |      0 |      0 |      6 |   1 |   62.0 |
       Dungeon |     62 |     62 |      0 |      0 |      6 |   1 |   62.0 |
               +--------+--------+--------+--------+--------+-----+--------+

Top non-repeatable levels by time:
       D: 62 daAuts
